 Dungeon Crawl Stone Soup version 0.22.0-16-gc6d26f6 (webtiles) character file.

1106 frankhovis the Covered (level 8, 0/58 HPs)
             Began as a Formicid Skald on Aug 17, 2018.
             Was a Follower of Uskayaw.
             Killed from afar by an orc wizard (3 damage)
             ... with a puff of flame
             ... on level 6 of the Dungeon on Aug 18, 2018.
             The game lasted 01:57:14 (8225 turns).

frankhovis the Covered (Formicid Skald)             Turns: 8225, Time: 01:57:14

Health: 0/58       AC: 15    Str: 15    XL:     8   Next: 58%
Magic:  12/12      EV:  3    Int: 16    God:    Uskayaw [*.....]
Gold:   466        SH:  7    Dex: 10    Spells: 11/12 levels left

rFire    + . .     SeeInvis +   F - +0 morningstar
rCold    . . .     Gourm    .   K - +0 shield
rNeg     . . .     Faith    .   H - +0 plate armour
rPois    +         Spirit   .   (helmet unavailable)
rElec    .         Reflect  .   m - scarf {cloud immunity}
rCorr    .         Harm     .   f - +1 pair of gloves
MR       .....                  g - +0 pair of boots
Stlth    ..........             (no amulet)
HPRegen  0.19/turn              w - ring of protection from fire
MPRegen  0.13/turn              C - ring of poison resistance

@: no status effects
A: permanent stasis, dig shafts and tunnels, four strong arms, antennae 3
a: Dig, Shaft Self, Stomp, Renounce Religion


You were on level 6 of the Dungeon.
You worshipped Uskayaw.
Uskayaw was noncommittal.
You were not hungry.

You visited 1 branch of the dungeon, and saw 7 of its levels.
You also visited: Ossuary.

You collected 466 gold pieces.

Inventory:

Hand Weapons
 a - a +0 spear
 c - a +0 club
 k - a +0 club
 n - a +0 club
 o - a +1 dagger of draining
 s - a cursed -1 club
 t - a +0 club
 u - a +0 dagger
 x - a +0 dagger
 y - a +0 war axe
 F - a +0 morningstar (weapon)
 G - a -3 short sword
 I - a +0 falchion
 M - a +0 shortbow
Missiles
 l - 38 stones (quivered)
 v - 5 poisoned needles
 E - 50 bolts
 J - 3 tomahawks
 L - 22 arrows
Armour
 f - a +1 pair of gloves (worn)
 g - a +0 pair of boots (worn)
 m - a scarf of cloud immunity (worn)
 H - a +0 plate armour (worn)
 K - a +0 shield (worn)
Jewellery
 w - a ring of protection from fire (left hand)
 C - a ring of poison resistance (right hand)
Wands
 r - a wand of random effects (31)
Scrolls
 b - 2 scrolls of blinking
 h - 2 scrolls of remove curse
 i - 2 scrolls of immolation
 q - a scroll of teleportation
 B - 2 scrolls of amnesia
 N - a scroll of fog {unknown}
Potions
 e - a potion of brilliance
 j - a potion of agility {unknown}
 p - a potion of magic {unknown}
 z - 2 potions of degeneration {unknown}
 A - 2 potions of lignification {unknown}
Comestibles
 d - 3 rations


   Skills:
 + Level 3.3 Fighting
 + Level 1.7(3.5) Axes
 + Level 1.8(2.1) Maces & Flails
 - Level 4.3(4.5) Polearms
 + Level 3.8 Throwing
 + Level 5.2 Armour
 + Level 2.7 Dodging
 + Level 0.2 Stealth
 + Level 1.8 Shields
 + Level 2.7 Spellcasting
 * Level 4.1 Charms


You had 11 spell levels left.
You knew the following spells:

 Your Spells              Type           Power        Failure   Level  Hunger
a - Infusion              Chrm           ###.         100%        1    #......

Your spell library contained the following spells:

 Spells                   Type           Power        Failure   Level  Hunger
 Regeneration             Chrm/Necr      #.........   100%        3    ###....
 Shroud of Golubria       Chrm/Tloc      #.........   100%        2    ##.....
 Song of Slaying          Chrm           ###.....     100%        2    ##.....
 Spectral Weapon          Hex/Chrm       #.......     100%        3    ###....


Dungeon Overview and Level Annotations

Branches:
Dungeon (7/15)
 Temple: D:4-7

Altars:
Nemelex Xobeh
Okawaru
Qazlal
Trog
Uskayaw

Annotations:
D:2 Sigmund
D:5 Menkaure, Pikel


Innate Abilities, Weirdness & Mutations

You cannot be hasted, slowed, berserked, paralysed or teleported.
You can dig through walls and to a lower floor.
Your four strong arms can wield two-handed weapons with a shield.
You have a pair of large antennae on your head. (SInv)


Message History

Your shield and plate armour prevent you from hitting the orc wizard.
The orc wizard is almost dead.
The orc wizard barely misses you.
You sock the orc wizard!
You kill the orc wizard!
The orc wizard casts a spell at you. The magic dart hits you!
Your shield and plate armour prevent you from hitting the orc wizard.
The orc wizard gestures at you while chanting.
You block the puff of flame. You block the orc wizard's attack.
The orc wizard hits you with a dagger.
* * * LOW HITPOINT WARNING * * *
Your shield and plate armour prevent you from hitting the orc wizard.
You block the orc wizard's attack.
The orc wizard points at you and mumbles some strange words.
The puff of flame hits you! You resist.
* * * LOW HITPOINT WARNING * * *
The orc wizard casts a spell at you. The puff of flame hits you! You resist.
You die...

.###### <.....#
#####.# #.### #.#..
#.#.# ## ## #.#.# #...
#.#>#####.########
#.#.........@....#
#####.#.##.###o#####.#
#.....>.##.###S#
#..####.##.#oWY#
#..####.##.#.#.#
#..#..(......#.#
#..#o##{##.###..
#..#.##.##.# ####
#..W....##.#


You could see an orc wizard (invisible).

Vanquished Creatures
  An ice beast (D:4)
  2 slaves (D:5)
  A centaur (D:5)
  3 scorpions
  3 howler monkeys
  2 crimson imps (D:7)
  2 orc priests
  A bullfrog zombie (D:6)
  A human zombie (Ossuary)
  3 bullfrog skeletons
  An iguana (D:5)
  An orc wizard (D:6)
  5 big kobold zombies (Ossuary)
  A hound skeleton (D:5)
  2 mummies (Ossuary)
  6 river rats (D:5)
  4 adders
  A shadow imp (D:5)
  An ooze (D:3)
  2 adder skeletons
  2 worms (D:4)
  A dart slug (D:2)
  5 leopard geckos
  13 orcs
  A ball python (D:1)
  A giant cockroach (D:1)
  8 goblins
  9 hobgoblins
  4 jackals (D:2)
  5 quokkas
  4 bats
  5 frilled lizards
  2 gnoll zombies (Ossuary)
  4 goblin zombies (Ossuary)
  A hobgoblin zombie (Ossuary)
  5 kobolds
  An orc zombie (Ossuary)
  A quokka skeleton (D:4)
  20 rats
135 creatures vanquished.

Vanquished Creatures (others)
  A butterfly (D:2)
1 creature vanquished.

Grand Total: 136 creatures vanquished

Notes
Turn   | Place    | Note
-------+----------+-------------------------------------------
     0 | D:1      | frankhovis the Formicid Skald began the quest for the Orb.
     0 | D:1      | Reached XP level 1. HP: 16/16 MP: 3/3
   235 | D:1      | Reached XP level 2. HP: 22/22 MP: 3/5
   602 | D:1      | Reached XP level 3. HP: 16/28 MP: 6/6
  1108 | D:2      | Found a stormy altar of Qazlal.
  1119 | D:2      | Noticed Sigmund
  1196 | D:2      | Found a bloodstained altar of Trog.
  1211 | D:3      | Found a sparkling altar of Nemelex Xobeh.
  1243 | D:3      | Reached XP level 4. HP: 30/34 MP: 7/7
  1386 | D:4      | Reached skill level 1 in Throwing
  1386 | D:4      | Reached skill level 2 in Armour
  1433 | D:4      | Reached XP level 5. HP: 24/39 MP: 8/8
  1582 | D:4      | Found a sand-covered staircase.
  1592 | Ossuary  | Entered an ossuary
  1743 | Ossuary  | Reached skill level 3 in Armour
  2065 | Ossuary  | Reached XP level 6. HP: 42/46 MP: 10/10
  2867 | D:4      | Found an iron altar of Okawaru.
  3334 | D:3      | Reached XP level 7. HP: 51/51 MP: 11/11
  4597 | D:4      | Reached skill level 4 in Armour
  4810 | D:5      | Entered Level 5 of the Dungeon
  4990 | D:5      | Noticed Menkaure
  6061 | D:5      | Reached skill level 1 in Axes
  6418 | D:4      | Reached skill level 1 in Shields
  6418 | D:4      | Reached XP level 8. HP: 17/58 MP: 12/12
  6688 | D:5      | Noticed Pikel
  7301 | D:5      | Reached skill level 1 in Maces & Flails
  7825 | D:5      | Found a hide-covered altar of Uskayaw.
  7829 | D:5      | Became a worshipper of Uskayaw the Reveler
  7997 | D:6      | Reached * piety under Uskayaw
  8014 | D:7      | Reached ** piety under Uskayaw
  8022 | D:7      | Reached *** piety under Uskayaw
  8026 | D:7      | Reached **** piety under Uskayaw
  8032 | D:7      | Reached skill level 5 in Armour
  8032 | D:7      | Reached ***** piety under Uskayaw
  8225 | D:6      | Killed from afar by an orc wizard

Skill      XL: |  1  2  3  4  5  6  7  8 |
---------------+-------------------------+-----
Dodging        | 2 |  2.7
Polearms       | 3 4 |  4.3
Throwing       | 1 2 3 |  3.8
Armour         | 2 3 4 5 |  5.2
Fighting       | 3 |  3.3
Axes           | 1 |  1.7
Shields        | 1 |  1.8
Maces & Flails | 1 |  1.8
Charms         | 4 |  4.1
Stealth        | |  0.2
Spellcasting   | |  2.7

Action                   |  1- 3 |  4- 6 |  7- 9 || total
-------------------------+-------+-------+-------++-------
Melee: Spear             |   164 |   300 |   103 ||   567
       War axe           |       |       |   134 ||   134
       Morningstar       |       |       |   167 ||   167
Throw: Stone             |    26 |    51 |    52 ||   129
       Tomahawk          |       |    44 |    18 ||    62
 Cast: Infusion          |     3 |     5 |       ||     8
  Use: Potion            |       |     2 |     2 ||     4
       Scroll            |       |     8 |     6 ||    14
 Stab: Paralysed         |       |       |     1 ||     1
  Eat: Ration            |     1 |     1 |     5 ||     7
       Chunk             |       |     2 |       ||     2
Armor: Leather armour    |    34 |       |       ||    34
       Scale mail        |    15 |    46 |       ||    61
       Ring mail         |       |    39 |       ||    39
       Plate armour      |       |    12 |   294 ||   306
Dodge: Dodged            |   105 |   123 |    61 ||   289
Block: Shield            |       |       |    94 ||    94
